 Dungeon Crawl Stone Soup version 0.24.0-123-gd5b16e6ec5 (webtiles) character file.

Game seed: 17077177823896516731, levelgen mode: deterministic

182 TomasB23 the Poker (level 5, -5/47 HPs)
             Began as a Draconian Berserker on Jan 29, 2020.
             Was a Priest of Trog.
             Slain by an ogre
             ... wielding a +0 giant club
              (17 damage)
             ... while paralysed by Grinder
             ... on level 4 of the Dungeon.
             The game lasted 00:11:16 (2846 turns).

TomasB23 the Poker (Draconian Berserker)            Turns: 2846, Time: 00:11:16

Health: -5/47      AC:  5    Str: 20    XL:     5   Next: 34%
Magic:  5/5        EV:  2    Int:  7    God:    Trog [***...]
Gold:   141        SH:  0    Dex: 11    Spells: 4/4 levels left

rFire    . . .     SeeInvis .   a - +0 spear
rCold    . . .     Gourm    .   (no shield)
rNeg     . . .     Faith    .   (armour unavailable)
rPois    .         Spirit   .   (helmet restricted)
rElec    .         Reflect  .   (no cloak)
rCorr    .         Harm     .   (no gloves)
MR       .....                  (no boots)
Stlth    +.........             (no amulet)
HPRegen  0.15/turn              l - +3 ring of slaying
MPRegen  0.09/turn              (no ring)

@: paralysed
A: unfitting armour, cold-blooded, AC +5
a: Berserk, Trog's Hand, Renounce Religion


You were on level 4 of the Dungeon.
You worshipped Trog.
Trog was most pleased with you.
You were not hungry.

You visited 1 branch of the dungeon, and saw 4 of its levels.

You collected 141 gold pieces.

Inventory:

Hand Weapons
 a - a +0 spear (weapon)
 o - a +0 hunting sling
Missiles
 j - 139 stones (quivered)
Jewellery
 f - an uncursed ring of flight
 l - a +3 ring of slaying (left hand)
Wands
 d - a wand of iceblast (10)
 k - a wand of scattershot (5)
 r - a wand of random effects (13)
Scrolls
 h - a scroll of magic mapping
 m - a scroll of identify
Potions
 c - 3 potions of curing
 e - a potion of mutation {unknown}
 g - a potion of lignification {unknown}
 i - a potion of degeneration {unknown}
Comestibles
 b - 7 rations


   Skills:
 * Level 4.6 Fighting
 + Level 4.8 Polearms
 + Level 0.2 Slings
 + Level 3.3 Dodging


You had 4 spell levels left.
You didn't know any spells.
Your spell library was empty.

Dungeon Overview and Level Annotations

Branches:
Dungeon (4/15)
 Temple: D:4-7

Altars:
Hepliaklqana
Qazlal
Ru

Annotations:
D:4 Grinder


Innate Abilities, Weirdness & Mutations

Your plain brown scales are hard. (AC +5)
You cannot fit into any form of body armour.
You are cold-blooded and may be slowed by cold attacks.


Message History

No target in view!
No target in view!
No target in view!
No target in view!
No target in view!
No target in view!
No target in view!
Grinder blinks!
Grinder gestures at you.
You suddenly lose the ability to move!
Grinder hits you.
The worker ant twitches its antennae in your direction.
The ogre hits you with a +0 giant club. Grinder gestures at you.
Pain shoots through your body! Grinder hits you but does no damage.
The ogre hits you with a +0 giant club!
* * * LOW HITPOINT WARNING * * *
Grinder hits you but does no damage. The ogre hits you with a +0 giant club!
You die...

#.#.# #.##.... ....#
#§#^#≈.≈ #...#
#...#≈≈..≈.. . #...#
#........._. ..
#.#.###......^^^..
...##+#a#........≈#^...§
#................#^#^..
#.....O5........^..^≈..
#.....@.............§.^
#.....$....#..........#
####.#.#.#.###....#####
#.#.#.#..##....#
#.#.#.#..##....#
#.#.#.#...#....#
#.#.#.#.###'##
#.#.........#
#.........#


You could see Grinder, an ogre and a worker ant.

Vanquished Creatures
  Ijyb (D:3)
  4 gnolls (D:3)
  3 adders
  An ooze (D:2)
  3 dart slugs
  A leopard gecko (D:2)
  2 orcs (D:3)
  4 giant cockroaches
  20 goblins
  6 hobgoblins
  5 jackals
  A quokka (D:3)
  A ball python (D:3)
  10 bats
  2 frilled lizards
  5 kobolds
  5 rats
74 creatures vanquished.

Notes
Turn   | Place    | Note
-------+----------+-------------------------------------------
     0 | D:1      | TomasB23 the Draconian Berserker began the quest for the
                  | Orb.
     0 | D:1      | Reached XP level 1. HP: 19/19 MP: 1/1
   182 | D:1      | Reached XP level 2. HP: 26/26 MP: 2/2
   864 | D:2      | Reached XP level 3. HP: 33/33 MP: 3/3
   877 | D:2      | Reached ** piety under Trog
  1219 | D:2      | Found a hazy altar of Hepliaklqana.
  1236 | D:2      | Found a sacrificial altar of Ru.
  1630 | D:3      | Reached XP level 4. HP: 38/40 MP: 4/4
  2096 | D:3      | Reached XP level 5. HP: 47/47 MP: 5/5
  2501 | D:3      | Reached *** piety under Trog
  2606 | D:3      | Noticed Ijyb
  2622 | D:3      | Killed Ijyb
  2762 | D:4      | Found a stormy altar of Qazlal.
  2836 | D:4      | Noticed an ogre
  2837 | D:4      | Noticed Grinder
  2841 | D:4      | Paralysed by Grinder for 7 turns
  2846 | D:4      | Slain by an ogre

Levels and vault maps discovered:
D:1:      evilmike_arrival_plus, layout_loops_corners
D:2:      layout_basic, nicolae_overflow_hidden_temple
D:3:      kennysheep_goblin_castle, layout_rooms, first_ration
D:4:      layout_basic, grunt_qazlal_sundering, uniq_grinder, uniq_sigmund

Skill      XL: |  1  2  3 |
---------------+----------+-----
Dodging        | 3 |  3.3
Fighting       | 4 |  4.6
Polearms       | 4 |  4.8
Slings         | |  0.2

Action                   |  1- 3 |  4- 6 || total
-------------------------+-------+-------++-------
Melee: Spear             |   139 |    95 ||   234
       Tailslap          |    10 |     4 ||    14
 Fire: Hunting sling     |       |    13 ||    13
  Use: Scroll            |     5 |     4 ||     9
 Stab: Sleeping          |     2 |     1 ||     3
  Eat: Chunk             |     2 |     4 ||     6
Armor: Skin              |    24 |    24 ||    48
Dodge: Dodged            |    66 |    58 ||   124
